 Dungeon Crawl Stone Soup version 0.26-a0-854-gdc81c2f471 (webtiles) character file.

Game seed: 7596424889788806409

1533 DocClef the Covert (level 8, -13/67 HPs)
             Began as a Gnoll Delver on Nov 22, 2020.
             Mangled by a red ugly thing (33 damage)
             ... on level 6 of the Dungeon.
             The game lasted 00:08:50 (4510 turns).

DocClef the Covert (Gnoll Delver)                   Turns: 4510, Time: 00:08:52

Health: -13/67     AC: 12    Str: 16    XL:     8   Next: 85%
Magic:  13/13      EV: 13    Int: 13    God:
Gold:   338        SH:  0    Dex: 17    Spells: 14/14 levels left

rFire    x . .     SeeInvis .   o - +4 trident (freeze)
rCold    + . .     Faith    .   (no shield)
rNeg     . . .     Spirit   .   t - +3 chain mail {MR+}
rPois    .         Reflect  .   (no helmet)
rElec    .         Harm     .   A - scarf {repulsion}
rCorr    .         Rampage  .   (no gloves)
MR       +....                  (no boots)
Stlth    ++........             s - amulet of the acrobat
HPRegen  0.21/turn              k - +4 ring of evasion
MPRegen  0.13/turn              p - ring of ice (curse)

@: hasted, repel missiles, very quick
A: distributed training, fangs 1, strong nose
a: no special abilities


You were on level 6 of the Dungeon.
You visited 1 branch of the dungeon, and saw 6 of its levels.

You collected 338 gold pieces.

Inventory:

Hand Weapons
 o - a +4 trident of freezing (weapon)
Missiles
 E - 2 javelins (quivered)
Armour
 b - a +0 leather armour
 t - a +3 chain mail of magic resistance (worn)
 A - a scarf of repulsion (worn)
Jewellery
 a - an uncursed ring of positive energy {unknown}
 h - an uncursed ring of resist corrosion
 k - a +4 ring of evasion (left hand)
 p - a cursed ring of ice (right hand)
 r - a +4 ring of evasion
 s - an amulet of the acrobat (around neck)
 u - a +6 ring of dexterity {unknown}
Wands
 g - a wand of digging (3)
 m - a wand of acid (8)
 z - a wand of paralysis (4)
Scrolls
 c - a scroll of fog
 d - a scroll of magic mapping
 e - 2 scrolls of fear
 j - 6 scrolls of identify
 n - 2 scrolls of enchant armour
 q - 4 scrolls of teleportation
 x - 2 scrolls of remove curse {unknown}
 y - 2 scrolls of immolation {unknown}
 F - a scroll of random uselessness {unknown}
Potions
 f - a potion of haste
 i - 4 potions of heal wounds
 l - a potion of cancellation
 w - 2 potions of attraction {unknown}
 B - a potion of degeneration {unknown}
 C - a potion of lignification {unknown}
 D - a potion of magic {unknown}


   Skills:
 + Level 7.5 Fighting
 + Level 5.9 Short Blades
 + Level 3.6 Long Blades
 + Level 3.6 Axes
 + Level 3.6 Maces & Flails
 + Level 3.6 Polearms
 + Level 3.6 Staves
 + Level 3.6 Slings
 + Level 3.6 Bows
 + Level 3.6 Crossbows
 + Level 3.6 Throwing
 + Level 3.6 Armour
 + Level 5.9 Dodging
 + Level 10.2 Stealth
 + Level 3.6 Shields
 + Level 3.6 Unarmed Combat
 + Level 3.6 Spellcasting
 + Level 3.0 Conjurations
 + Level 3.0 Hexes
 + Level 3.0 Summonings
 + Level 3.0 Necromancy
 + Level 3.0 Translocations
 + Level 3.0 Transmutations
 + Level 3.0 Fire Magic
 + Level 3.0 Ice Magic
 + Level 3.0 Air Magic
 + Level 3.0 Earth Magic
 + Level 3.0 Poison Magic
 + Level 4.0 Invocations
 + Level 3.6 Evocations


You had 14 spell levels left.
You didn't know any spells.
Your spell library contained the following spells:

 Spells                   Type           Power        Failure   Level
 Magic Dart               Conj           ##..         71%         1
 Blink                    Tloc           N/A          83%         2
 Call Imp                 Summ           ##......     83%         2
 Slow                     Hex            ##......     83%         2
 Conjure Flame            Conj/Fire      ##......     97%         3
 Mephitic Cloud           Conj/Pois/Air  ##......     97%         3


Dungeon Overview and Level Annotations

Branches:
Dungeon (6/15)
 Temple: D:4-7

Altars:
Cheibriados
Yredelemnul


Innate Abilities, Weirdness & Mutations

Your experience applies equally to all skills.
You have very sharp teeth.
Your uncanny sense of smell can sniff out nearby items.


Message History

Your Fire Magic skill increases to level 3!
Your Ice Magic skill increases to level 3!
Your Air Magic skill increases to level 3!
Your Earth Magic skill increases to level 3!
Your Poison Magic skill increases to level 3!
You puncture the howler monkey! You freeze the howler monkey.
The howler monkey is heavily wounded.
The howler monkey closely misses you. The red ugly thing closely misses you.
You hit the howler monkey. You freeze the howler monkey.
The howler monkey is almost dead.
The howler monkey hits you but does no damage.
The howler monkey hoots and howls with incredible vigour!
A yak comes into view.
The yak bellows!
You puncture the howler monkey! You freeze the howler monkey.
You kill the howler monkey!
The red ugly thing claws you!
* * * LOW HITPOINT WARNING * * *
You are engulfed in flames!!
The fire burns you terribly!
You die...

##+#...#.....######......##
.......#####.....##......##
.......+..........+......'.
.......#####.....##......##
...........................
############.....##......##
#.....##......#
#####.....##......#
#.u@†h....##......##
#.###.###Y!...#........#
......Z..######........#
...#...#h# #.........
..#..l#..# ..........
.#h..#...# ..........
..#...#..# .(...^....
..h#...#.# .......... G....
...# (..)......


You could see a red ugly thing, a yak and a howler monkey (catching breath).

Vanquished Creatures
  Sigmund (D:5)
  A wyvern (D:6)
  2 phantoms
  2 ogres
  A bullfrog (D:6)
  2 scorpions
  A howler monkey (D:6)
  2 bullfrog skeletons (D:4)
  5 hounds
  2 orc priests
  4 orc wizards
  3 worker ants
  4 gnolls (D:2)
  11 adders
  A shadow imp (D:5)
  A white imp (D:5)
  An adder zombie (D:6)
  2 worms
  A dart slug (D:2)
  2 leopard geckos
  20 orcs
  3 ball pythons
  7 giant cockroaches
  8 goblins
  6 hobgoblins
  8 jackals
  3 quokkas
  7 bats
  6 frilled lizards
  6 kobolds
  2 leopard gecko skeletons
  10 rats
135 creatures vanquished.

Notes
Turn   | Place    | Note
-------+----------+-------------------------------------------
     0 | D:5      | Reached skill level 9 in Stealth
     0 | D:5      | DocClef the Gnoll Delver began the quest for the Orb.
     0 | D:5      | Reached XP level 1. HP: 23/23 MP: 1/1
    76 | D:4      | Found a basalt altar of Yredelemnul.
    76 | D:4      | Found a snail-covered altar of Cheibriados.
    76 | D:4      | Noticed a hound
    78 | D:4      | Reached XP level 2. HP: 29/29 MP: 2/2
    85 | D:4      | Reached skill level 1 in Invocations
    85 | D:4      | Reached XP level 3. HP: 35/35 MP: 2/4
   234 | D:4      | Reached skill level 1 in Long Blades
   234 | D:4      | Reached skill level 1 in Axes
   234 | D:4      | Reached skill level 1 in Maces & Flails
   234 | D:4      | Reached skill level 1 in Polearms
   234 | D:4      | Reached skill level 1 in Staves
   234 | D:4      | Reached skill level 1 in Slings
   234 | D:4      | Reached skill level 1 in Bows
   234 | D:4      | Reached skill level 1 in Crossbows
   234 | D:4      | Reached skill level 1 in Throwing
   234 | D:4      | Reached skill level 1 in Armour
   234 | D:4      | Reached skill level 1 in Shields
   234 | D:4      | Reached skill level 1 in Unarmed Combat
   234 | D:4      | Reached skill level 1 in Spellcasting
   234 | D:4      | Reached skill level 1 in Evocations
   234 | D:4      | Reached XP level 4. HP: 33/41 MP: 5/5
   498 | D:3      | Reached skill level 1 in Conjurations
   498 | D:3      | Reached skill level 1 in Hexes
   498 | D:3      | Reached skill level 1 in Summonings
   498 | D:3      | Reached skill level 1 in Necromancy
   498 | D:3      | Reached skill level 1 in Translocations
   498 | D:3      | Reached skill level 1 in Transmutations
   498 | D:3      | Reached skill level 1 in Fire Magic
   498 | D:3      | Reached skill level 1 in Ice Magic
   498 | D:3      | Reached skill level 1 in Air Magic
   498 | D:3      | Reached skill level 1 in Earth Magic
   498 | D:3      | Reached skill level 1 in Poison Magic
   650 | D:2      | Reached XP level 5. HP: 47/47 MP: 5/7
  2219 | D:3      | Reached XP level 6. HP: 49/53 MP: 8/8
  2520 | D:3      | Reached skill level 5 in Short Blades
  2520 | D:3      | Reached skill level 5 in Dodging
  2984 | D:4      | Noticed a phantom
  3134 | D:4      | Killed a phantom
  3135 | D:4      | Reached XP level 7. HP: 51/60 MP: 10/10
  3496 | D:5      | Noticed Sigmund
  3509 | D:5      | Killed Sigmund
  3510 | D:5      | Reached skill level 10 in Stealth
  3510 | D:5      | Reached XP level 8. HP: 58/67 MP: 12/12
  4487 | D:6      | Noticed a wyvern
  4495 | D:6      | Noticed a red ugly thing
  4497 | D:6      | Killed a wyvern
  4504 | D:6      | HP: 3/67 [red ugly thing (18)]
  4509 | D:6      | Noticed a yak
  4510 | D:6      | Mangled by a red ugly thing

Illustrated notes

Levels and vault maps discovered:
D:1:      lemuel_arrival_cross, layout_basic, chequers_big_river
D:2:      layout_rooms
D:3:      layout_basic
D:4:      layout_cave_pools, chequers_temple_overflow_statue_of_worship
D:5:      layout_loops_ring, uniq_sigmund
D:6:      cheibrodos_fzero, layout_basic, minmay_temple_entry_proselytizer

Skill      XL: |  1  2  3  4  5  6  7  8 |
---------------+-------------------------+-----
Stealth        | 10 | 10.2
Invocations    | 1 2 3 4 |  4.0
Long Blades    | 1 2 3 |  3.6
Axes           | 1 2 3 |  3.6
Maces & Flails | 1 2 3 |  3.6
Polearms       | 1 2 3 |  3.6
Staves         | 1 2 3 |  3.6
Slings         | 1 2 3 |  3.6
Bows           | 1 2 3 |  3.6
Crossbows      | 1 2 3 |  3.6
Throwing       | 1 2 3 |  3.6
Armour         | 1 2 3 |  3.6
Shields        | 1 2 3 |  3.6
Unarmed Combat | 1 2 3 |  3.6
Spellcasting   | 1 2 3 |  3.6
Evocations     | 1 2 3 |  3.6
Conjurations   | 1 2 3 |  3.0
Hexes          | 1 2 3 |  3.0
Summonings     | 1 2 3 |  3.0
Necromancy     | 1 2 3 |  3.0
Translocations | 1 2 3 |  3.0
Transmutations | 1 2 3 |  3.0
Fire Magic     | 1 2 3 |  3.0
Ice Magic      | 1 2 3 |  3.0
Air Magic      | 1 2 3 |  3.0
Earth Magic    | 1 2 3 |  3.0
Poison Magic   | 1 2 3 |  3.0
Short Blades   | 5 |  5.9
Dodging        | 5 |  5.9
Fighting       | 7 |  7.5

Action                   |  1- 3 |  4- 6 |  7- 9 || total
-------------------------+-------+-------+-------++-------
Melee: Short sword       |    43 |     2 |       ||    45
       Bite              |     6 |    14 |    16 ||    36
       Trident           |       |   200 |   157 ||   357
       Punch             |       |     2 |     1 ||     3
  Use: Scroll            |       |     5 |     4 ||     9
       Potion            |       |       |     3 ||     3
 Stab: Sleeping          |     3 |    21 |     2 ||    26
       Distracted        |       |     1 |       ||     1
Armor: Leather armour    |     9 |     7 |       ||    16
       Chain mail        |       |    52 |    53 ||   105
Dodge: Dodged            |    37 |   131 |    93 ||   261
       Repelled          |       |       |     3 ||     3

Table legend: (Time is in decaauts)
 A = Elapsed time spent in this place.
 B = Non-inter-level travel time spent in this place.
 C = Inter-level travel time spent in this place.
 D = Time resting spent in this place.
 E = Time spent auto-exploring this place.
 F = Levels seen in this place.
 G = Mean time per level.
                   A        B        C        D        E       F      G
               +--------+--------+--------+--------+--------+-----+--------+
         Total |   4579 |   4461 |    118 |    420 |   3064 |   6 |  763.2 |
       Dungeon |   4579 |   4461 |    118 |    420 |   3064 |   6 |  763.2 |
               +--------+--------+--------+--------+--------+-----+--------+

Top non-repeatable levels by time:
     D:3: 1170 daAuts
     D:4: 816 daAuts
     D:1: 793 daAuts
     D:2: 645 daAuts
     D:5: 623 daAuts
     D:6: 530 daAuts
